Map: Echo LE (Void)

Players

Gorod - Winner!

  • Race: Zerg Zerg
  • League: Diamond
  • Spawn Location: 11:00

DerBengel

  • Race: Terran Terran
  • League: Master
  • Spawn Location: 5:00

VOD

Have the link to the VOD?

Description

Time

  • Played on: Dec. 15, 2016, 8:27 a.m.
  • Length: 18:28
Show
View Real Time Build Order
Export as new Build Order

Gorod Zerg - Winner!

Build Orders: Hatch First 

Get SALT Encoding   

  12  0:02  Drone  
  13  0:08  Drone  
  14  0:18  Drone, Extractor  
  15  0:41  Hatchery  
  14  0:45  Drone, Extractor  
  15  1:01  Spawning Pool  
  14  1:10  Drone, Extractor  
  14  1:12  Extractor  
  14  1:14  Drone  
  16  1:19  Overlord  
  16  1:42  Drone x2  
  18  1:47  Drone  
  18  1:48  Queen  
  21  1:54  Queen  
  21  1:59  Drone  
  24  2:01  Drone  
  24  2:07  Drone  
  26  2:09  Drone  
  26  2:14  Overlord  
  27  2:20  Drone  
  28  2:35  Drone x2  
  29  2:52  Overlord  
  29  2:54  Overlord  
  29  3:09  Queen x2  
  29  3:10  Drone x3  
  29  3:12  Drone x3  
  39  3:15  Drone  
  39  3:16  Drone  
  39  3:19  Hatchery, Drone  
  41  3:20  Drone  
  41  3:24  Drone  
  41  3:25  Drone  
  44  3:43  Extractor  
  44  3:44  Extractor  
  44  3:45  Drone  
  44  3:46  Drone  
  44  3:47  Roach Warren  
  43  4:02  Drone  
  44  4:07  Overlord x4  
  44  4:26  Roach x4  
  44  4:28  Overlord x2  
  52  4:32  Drone  
  52  4:34  Drone x3  
  52  4:35  Extractor  
  52  4:37  Drone  
  56  4:47  Roach x3  
  62  5:01  Evolution Chamber  
  62  5:02  Drone x2  
  62  5:03  Evolution Chamber  
  62  5:04  Drone  
  62  5:05  Lair  
  63  5:08  Drone  
  63  5:09  Drone x3  
  63  5:10  Extractor  
  66  5:24  Ravager  
  67  5:31  Roach x7  
  67  5:32  Roach  
  69  6:02  Zerg Missile Weapons Level 1  
  69  6:20  Zerg Ground Armor Level 1  
  69  6:21  Glial Reconstitution  
  69  6:24  Drone x4  
  73  6:26  Roach x4  
  73  6:29  Drone  
  73  6:30  Drone x6  
  88  6:33  Drone x2  
  88  6:34  Overlord  
  90  6:56  Overlord x3  
  90  6:57  Roach  
  90  6:58  Roach x2  
  96  7:01  Drone x2  
  96  7:04  Drone, Extractor  
  96  7:06  Drone, Extractor  
  98  7:15  Ravager x5  
  103  7:17  Drone x9  
  112  7:40  Spore Crawler  
  112  7:41  Ravager x3, Spore Crawler  
  112  7:42  Overlord, Spore Crawler  
  112  7:43  Overlord x3  
  112  7:45  Roach  
  112  7:46  Roach x4  
  122  7:55  Zerg Missile Weapons Level 2  
  122  8:02  Drone x2  
  122  8:03  Overlord x4  
  124  8:17  Zerg Ground Armor Level 2  
  124  8:19  Roach x3  
  134  8:20  Roach x2, Overlord  
  134  8:21  Overlord x2  
  134  8:22  Ravager  
  134  8:23  Ravager x2  
  134  8:24  Ravager  
  134  8:26  Overlord x2  
  138  8:39  Drone  
  138  8:40  Drone x3  
  142  8:45  Ravager x2  
  142  8:46  Ravager x2  
  142  8:47  Ravager  
  147  8:52  Extractor  
  147  8:53  Hatchery  
  145  8:56  Extractor  
  145  9:00  Roach  
  145  9:01  Roach x8  
  150  9:17  Roach  
  150  9:18  Roach x8  
  168  9:35  Ravager  
  168  9:36  Roach x6  
  168  9:50  Roach x3  
  168  9:51  Roach  
  127  9:57  Roach x7  
  127  9:58  Roach x2  
  118  10:03  Roach  
  118  10:07  Ravager x2  
  118  10:12  Roach x3  
  114  10:22  Roach x9  
  114  10:23  Roach x3  
  138  10:32  Ravager x2  
  138  10:33  Roach  
  142  10:36  Drone x2  
  142  10:40  Drone x3  
  147  10:43  Ravager x2  
  147  10:44  Roach x2  
  153  11:00  Roach  
  153  11:01  Roach x11  
  171  11:39  Roach  
  179  11:40  Roach x6  
  179  11:42  Drone  
  179  11:43  Drone x4  
  179  11:44  Ravager  
  179  11:45  Ravager x10  
  195  12:06  Roach x2  
  199  12:13  Extractor  
  182  12:17  Extractor  
  169  12:24  Infestation Pit  
  169  12:29  Hatchery  
  167  12:32  Ravager x3  
  167  12:33  Ravager x7  
  177  12:37  Roach x6  
  177  12:38  Roach x3  
  193  12:55  Queen  
  195  13:04  Ravager x4  
  195  13:05  Ravager  
  182  13:26  Ravager x8  
  190  13:31  Hive  
  169  14:21  Roach x9  
  169  14:22  Roach x12  
  163  15:04  Roach Warren  
  110  16:11  Roach x13  
  118  16:12  Roach x2  
  140  16:19  Hatchery  
  140  16:22  Hatchery  
  125  16:41  Roach x8  
  135  16:51  Roach  
  108  17:48  Ravager x14  
  119  18:18  Extractor x2  
Show
View Real Time Build Order
Export as new Build Order

DerBengel Terran 

Build Orders: MMM Bio 

Get SALT Encoding   

  12  0:01  SCV  
  13  0:14  SCV  
  14  0:17  Supply Depot  
  14  0:26  SCV  
  15  0:29  Refinery  
  15  0:39  SCV  
  16  0:45  Barracks  
  16  0:51  SCV  
  17  1:03  SCV  
  18  1:15  SCV  
  19  1:32  Supply Depot  
  20  1:34  Marine  
  20  1:35  Orbital Command  
  20  1:51  Marine  
  21  2:02  Command Center  
  21  2:03  SCV  
  22  2:11  Marine  
  23  2:15  SCV  
  24  2:26  Barracks  
  24  2:30  Factory  
  24  2:31  SCV  
  24  2:45  SCV  
  25  2:51  Barracks Tech Lab  
  25  2:56  Refinery  
  26  3:14  Stimpack  
  26  3:15  Barracks Reactor  
  26  3:16  Marine  
  26  3:19  Starport  
  26  3:21  SCV  
  26  3:23  Orbital Command  
  27  3:28  Bunker  
  27  3:30  Factory Reactor  
  27  3:33  SCV, Marine  
  29  3:45  SCV, Barracks  
  30  3:51  SCV, Marine  
  30  3:54  Marine x2  
  34  3:57  SCV  
  35  4:04  Supply Depot  
  35  4:08  Supply Depot  
  35  4:09  Marine  
  36  4:12  Marine x2  
  36  4:14  Medivac  
  36  4:15  Medivac  
  42  4:26  SCV  
  42  4:27  SCV, Marine  
  42  4:29  Marine x2  
  47  4:35  Supply Depot  
  47  4:38  SCV  
  48  4:40  SCV  
  48  4:45  Marine  
  50  4:47  Marine x2  
  52  5:02  Marine  
  52  5:04  Barracks Reactor  
  52  5:05  Marine x2  
  55  5:09  SCV x2  
  55  5:10  Command Center  
  57  5:16  Engineering Bay  
  57  5:19  Engineering Bay  
  57  5:21  SCV x2  
  44  5:51  Marine x2  
  44  5:52  Marine x2  
  44  5:53  Marauder  
  44  5:54  Combat Shields  
  48  5:57  Terran Infantry Weapons Level 1  
  48  5:58  Terran Infantry Armor Level 1  
  48  6:01  SCV  
  48  6:02  SCV  
  48  6:03  Barracks  
  48  6:04  Barracks  
  50  6:07  Refinery  
  50  6:08  Refinery  
  50  6:13  Supply Depot  
  50  6:14  SCV x2  
  50  6:15  Marine  
  50  6:16  Marine x3, Supply Depot  
  58  6:18  Marauder  
  58  6:23  Medivac  
  58  6:25  Medivac  
  62  6:28  Factory Tech Lab  
  62  6:35  Marine x3  
  62  6:36  Marine  
  62  6:37  SCV  
  62  6:39  SCV  
  68  6:42  Marauder  
  68  6:46  Siege Tank  
  73  6:55  Barracks Reactor, Barracks Tech Lab  
  73  6:56  Marine x4  
  73  7:00  Medivac  
  79  7:03  Marine  
  80  7:11  Orbital Command  
  80  7:12  SCV  
  80  7:13  SCV  
  80  7:14  Marine x4  
  86  7:18  Marauder  
  86  7:21  Marauder  
  89  7:31  Marine  
  89  7:32  Marine  
  89  7:33  SCV x2  
  93  7:38  Marine x4  
  93  7:39  Marine  
  93  7:42  Marine  
  99  7:45  Armory, Medivac  
  101  7:55  Supply Depot  
  101  7:58  Supply Depot  
  101  8:00  Supply Depot  
  101  8:15  Marine, Medivac  
  101  8:16  Marauder x2, SCV, Marine x4  
  101  8:17  SCV, Siege Tank  
  101  8:19  SCV, Marine, Supply Depot  
  119  8:21  Supply Depot  
  119  8:28  SCV  
  119  8:29  SCV  
  119  8:31  SCV  
  119  8:33  Terran Infantry Weapons Level 2, Marine  
  119  8:34  Terran Infantry Armor Level 2, Marine x4  
  123  8:37  Terran Vehicle Weapons Level 1  
  123  8:38  Marine x3  
  130  8:42  SCV  
  130  8:43  SCV  
  132  8:51  Marine  
  132  8:52  Marine x3, Siege Tank  
  139  9:00  Marine  
  139  9:01  Marauder x2, Marine  
  145  9:09  Marine  
  143  9:10  Marine  
  144  9:24  Marine  
  144  9:25  Marauder x2  
  149  9:32  Supply Depot  
  149  9:34  Supply Depot  
  149  9:43  SCV  
  149  9:44  Marine x4  
  149  9:45  SCV, Marine x2  
  149  9:46  SCV  
  149  9:50  Marine x2  
  98  10:02  Marine x4  
  98  10:03  Marine x2  
  104  10:08  Marine x2  
  106  10:20  Barracks x2, Marine x4  
  103  10:21  Marine x2  
  103  10:26  Marine x2  
  107  10:38  Marine x4  
  111  10:44  Marauder x2  
  115  10:50  Siege Tank  
  115  10:55  Barracks  
  115  10:56  SCV x3, Supply Depot x2  
  121  10:57  Barracks  
  121  10:58  Command Center, Supply Depot x2  
  121  11:00  Marine x5  
  121  11:01  Marine  
  127  11:05  Marauder x2  
  127  11:10  Barracks Reactor, Barracks Tech Lab  
  130  11:18  Marine  
  126  11:27  Marauder  
  126  11:38  Marauder x2, Marine x6  
  135  11:41  Concussive Shells  
  135  11:44  Barracks  
  135  11:46  Barracks  
  135  11:48  Marauder  
  135  11:51  Marine  
  135  11:52  Marine  
  139  11:54  Siege Tank  
  139  11:55  Marine  
  139  11:56  Marine x5  
  139  11:59  Marauder, Marine  
  151  12:09  Marine  
  140  12:22  Marauder x2, Marine x2  
  130  12:23  Marine x3  
  130  12:26  Terran Infantry Weapons Level 3, Siege Tank  
  130  12:27  Marauder  
  140  12:30  Planetary Fortress  
  138  12:45  Marauder, Marine x2  
  138  12:46  Marauder, Marine x4  
  148  12:58  Siege Tank  
  148  13:02  Terran Infantry Armor Level 3  
  134  13:23  Marauder x2, Marine x2  
  134  13:24  Marauder, Marine x5, Command Center  
  147  13:51  Marine x3  
  147  13:54  Marine x3  
  147  13:55  Marauder, Marine  
  40  15:37  Orbital Command  
  40  15:42  Siege Tank  
  39  15:50  Orbital Command  
  39  15:58  Marine  
  39  15:59  Marine x3  
  39  16:00  Marauder, Marine x3  
  48  16:16  Marine  
  49  16:21  Marauder, Siege Tank  
  54  16:32  Marine x2  
  44  16:50  Marine  
  44  16:51  Marine  
  43  16:58  Marine  
  32  17:04  Marine  
  25  17:12  Marine  
  22  18:10  SCV  
Tags
 
Composition
MMM Bio
Matchup
TvZ
Replay Pack
replay pack
Spawn Locations
Cross Positions
Add a new tag
Caveats
  • Supply blocks, unpowered buildings, or Contaminate may cause inaccurate times.
  • Supply counts are checked every 10 seconds.